 Dungeon Crawl Stone Soup version 0.29-a0-670-g5ff2a30383 (webtiles) character file.

Game seed: 17057747001137135986

53 CannotBeFrozen the Slasher (level 3, -3/29 HPs)
             Began as a Demigod Warper on June 24, 2022.
             Slain by a hobgoblin (4 damage)
             ... on level 4 of the Dungeon.
             The game lasted 00:03:53 (2018 turns).

CannotBeFrozen the Slasher (Demigod Warper)         Turns: 2018, Time: 00:03:54

Health: -3/29      AC:  6    Str: 12    XL:     3   Next: 41%
Magic:  8/8        EV: 10    Int: 15    God:
Gold:   113        SH:  4    Dex: 17    Spells: 3/5 levels left

rFire   . . .      SeeInvis .   a - +0 falchion
rCold   . . .      Faith    .   i - +0 buckler
rNeg    . . .      Spirit   .   l - +0 ring mail
rPois   .          Reflect  .   (no helmet)
rElec   .          Harm     .   (no cloak)
rCorr   .          Rampage  .   (no gloves)
Will    .....                   e - +0 pair of boots
Stlth   +.........              (no amulet)
HPRegen 0.09/turn               (no ring)
MPRegen 0.11/turn               (no ring)

@: no status effects
A: high MP 1, forlorn, divine attributes
a: no special abilities


You were on level 4 of the Dungeon.
You visited 1 branch of the dungeon, and saw 4 of its levels.

You collected 113 gold pieces.

Inventory:

Hand Weapons
 a - a +0 falchion (weapon)
Missiles
 d - 7 boomerangs of dispersal {=f =F}
 h - 17 stones (quivered)
Armour
 b - a +0 leather armour
 e - a +0 pair of boots (worn)
 i - a +0 buckler (worn)
 l - a +0 ring mail (worn)
Scrolls
 c - 3 scrolls of blinking
 f - a scroll of brand weapon {unknown}
 g - a scroll of identify {unknown}
 j - 2 scrolls of enchant armour {unknown}
 k - a scroll of immolation {unknown}
 n - a scroll of vulnerability {unknown}
Potions
 m - 2 potions of curing {unknown}


   Skills:
 - Level 1.7 Fighting
 + Level 3.1 Long Blades
 - Level 0.8 Throwing
 - Level 0.8 Armour
 - Level 1.7 Dodging
 + Level 1.5 Shields
 - Level 1.7 Spellcasting
 - Level 2.6 Translocations


You had 3 spell levels left.
You knew the following spells:

 Your Spells              Type           Power      Damage    Failure   Level
z - Blink                 Tloc           18%        N/A       34%         2

Your spell library contained the following spells:

 Spells                   Type           Power      Damage    Failure   Level
 Gell's Gravitas          Tloc           9%         N/A       56%         3
 Lesser Beckoning         Tloc           9%         N/A       56%         3
 Teleport Other           Tloc           9%         N/A       56%         3
 Manifold Assault         Tloc           9%         N/A       100%        5


Dungeon Overview and Level Annotations

Branches:
Dungeon (4/15)
 Temple: D:4-7

Annotations:
D:2 Sigmund
D:3 Grinder


Innate Abilities, Weirdness & Mutations

You have an increased reservoir of magic. (+10% MP)
You shall have no god before yourself.
Your divine heritage dramatically boosts your attributes as you level up.


Message History

The quokka bites you but does no damage.
The hobgoblin hits you.
* * * LOW HITPOINT WARNING * * *
HP: 8/29 (-2) ===--------- You barely miss the hobgoblin.
The quokka barely misses you. The hobgoblin closely misses you.
The quokka twitches its whiskers.
The quokka barely misses you.
You closely miss the hobgoblin. The quokka barely misses you.
The hobgoblin hits you.
* * * LOW HITPOINT WARNING * * *
HP: 7/29 (-1) ==---------- You barely miss the hobgoblin.
The quokka closely misses you. The hobgoblin barely misses you.
The quokka bites you but does no damage.
The hobgoblin hits you but does no damage.
You hit the hobgoblin.
The hobgoblin is lightly wounded.
The quokka barely misses you.
The hobgoblin hits you but does no damage.
You hit the hobgoblin but do no damage.
The hobgoblin is lightly wounded.
The quokka bites you.
* * * LOW HITPOINT WARNING * * *
You block the hobgoblin's attack. You block the quokka's attack.
HP: 4/29 (-3) =----------- !
You hit the hobgoblin but do no damage.
The hobgoblin is lightly wounded.
The quokka barely misses you.
The hobgoblin hits you but does no damage.
You hit the hobgoblin but do no damage.
The hobgoblin is lightly wounded.
You block the quokka's attack. The hobgoblin hits you.
* * * LOW HITPOINT WARNING * * *
The quokka bites you but does no damage.
HP: 1/29 (-3) ------------ !
You barely miss the hobgoblin.
The hobgoblin is lightly wounded.
The hobgoblin hits you.
You die...

#####
#.r.###
#@....#
#g.....#
##.....#
#....#
.....#
......
.....
.....


You could see a quokka and a hobgoblin.

Vanquished Creatures
  A gnoll (D:1)
  A worm (D:2)
  2 dart slugs
  3 ball pythons (D:1)
  3 bats
  4 endoplasms (D:1)
  A goblin (D:2)
  3 hobgoblins
  3 jackals (D:1)
  2 kobolds
  3 frilled lizards
  11 rats
37 creatures vanquished.

Notes
Turn   | Place    | Note
-------+----------+-------------------------------------------
     0 | D:1      | CannotBeFrozen the Demigod Warper began the quest for the
                  | Orb.
     0 | D:1      | Reached XP level 1. HP: 17/17 MP: 5/5
    83 | D:1      | Reached skill level 2 in Long Blades
   269 | D:1      | Reached XP level 2. HP: 23/24 MP: 7/7
   652 | D:1      | Reached skill level 1 in Shields
   848 | D:1      | Reached skill level 3 in Long Blades
   848 | D:1      | Reached XP level 3. HP: 24/29 MP: 8/8
   903 | D:1      | Learned a level 2 spell: Blink
  1524 | D:2      | You fall into a shaft and drop 2 floors!
  1843 | D:2      | Noticed Sigmund
  1980 | D:3      | Noticed Grinder
  1984 | D:3      | Paralysed by Grinder for 3 turns
  2003 | D:3      | Paralysed by Grinder for 2 turns
  2017 | D:4      | HP: 1/29 [hobgoblin (3)]
  2018 | D:4      | Slain by a hobgoblin

Illustrated notes

Levels and vault maps discovered:
D:1:      minmay_arrival_diagonal_passages, layout_basic,
          minmay_rat_gold_closets
D:2:      layout_loops_corners, shapermc_ecumenical_altar_petra, uniq_terence,
          uniq_natasha, uniq_sigmund
D:3:      layout_basic, nicolae_overflow_hallway_of_the_gods, serial_shops,
          nicolae_shop_bloodbath_and_beyond, kennysheep_generic_room_15,
          uniq_grinder
D:4:      layout_cave_pools

Skill      XL: |  1  2 |
---------------+-------+-----
Long Blades    | 2 3 |  3.1
Shields        | 1 |  1.5
Fighting       | |  1.7
Throwing       | |  0.8
Armour         | |  0.8
Dodging        | |  1.7
Spellcasting   | |  1.7
Translocations | |  2.6

Action                   || total
-------------------------++-------
Melee: Falchion          ||   110
       Punch             ||     1
  Use: Scroll            ||     1
 Stab: Sleeping          ||     3
Armor: Leather armour    ||    20
       Ring mail         ||    14
Dodge: Dodged            ||    74
Block: Buckler           ||    14

Table legend: (Time is in decaauts)
 A = Elapsed time spent in this place.
 B = Non-inter-level travel time spent in this place.
 C = Inter-level travel time spent in this place.
 D = Time resting spent in this place.
 E = Time spent auto-exploring this place.
 F = Levels seen in this place.
 G = Mean time per level.
                   A        B        C        D        E       F      G
               +--------+--------+--------+--------+--------+-----+--------+
         Total |   2039 |   2002 |     37 |    765 |    765 |   4 |  509.8 |
       Dungeon |   2039 |   2002 |     37 |    765 |    765 |   4 |  509.8 |
               +--------+--------+--------+--------+--------+-----+--------+

Top non-repeatable levels by time:
     D:1: 1199 daAuts
     D:3: 463 daAuts
     D:2: 343 daAuts
     D:4: 32 daAuts
